 Dungeon Crawl Stone Soup version 0.29.1-1-gd02db6906a (webtiles) character file.

Game seed: 17777312663352217002

95 groovy9 the Conjurer (level 4, -3/24 HPs)
             Began as a Deep Elf Conjurer on Sept 20, 2022.
             Slain by Crazy Yiuf
             ... wielding a +4 quarterstaff of chaos
              (6 damage)
             ... on level 2 of the Dungeon.
             The game lasted 00:04:54 (2294 turns).

groovy9 the Conjurer (Deep Elf Conjurer)            Turns: 2294, Time: 00:04:54

Health: -3/24      AC:  2    Str:  4    XL:     4   Next: 40%
Magic:  11/13      EV: 12    Int: 25    God:
Gold:   69         SH:  0    Dex: 13    Spells: 10/13 levels left

rFire   . . .      SeeInvis .   f - +0 short sword (vamp)
rCold   . . .      Faith    .   (no shield)
rNeg    . . .      Spirit   .   a - +0 robe
rPois   +          Reflect  .   (no helmet)
rElec   .          Harm     .   (no cloak)
rCorr   .          Rampage  .   (no gloves)
Will    .....                   (no boots)
Stlth   ++........              (no amulet)
HPRegen 0.08/turn               j - ring of poison resistance
MPRegen 0.13/turn               (no ring)

@: hasted, very quick
A: no striking features
a: no special abilities


You were on level 2 of the Dungeon.
You visited 1 branch of the dungeon, and saw 2 of its levels.

You collected 69 gold pieces.

Inventory:

Hand Weapons
 f - a +0 vampiric short sword (weapon)
Armour
 a - a +0 robe (worn)
Jewellery
 j - a ring of poison resistance (left hand)
Wands
 l - a wand of digging (2)
Scrolls
 e - 2 scrolls of amnesia
 h - 2 scrolls of noise {unknown}
 i - a scroll of acquirement {unknown}
Potions
 b - a potion of magic
 d - a potion of berserk rage {unknown}
 g - a potion of lignification {unknown}
 k - a potion of attraction {unknown}


   Skills:
 - Level 2.4 Dodging
 - Level 2.4 Stealth
 + Level 5.0 Spellcasting
 + Level 5.5 Conjurations


You had 10 spell levels left.
You knew the following spells:

 Your Spells              Type           Power      Damage    Failure   Level
a - Magic Dart            Conj           100%       1d8       1%          1
b - Searing Ray           Conj           68%        2d6       1%          2

Your spell library contained the following spells:

 Spells                   Type           Power      Damage    Failure   Level
 Dazzling Flash           Conj/Hex       40%        N/A       8%          3
 Apportation              Tloc           12%        N/A       9%          1
 Fulminant Prism          Conj/Hex       10%        3d9       26%         4
 Iskenderun's Mystic Bla  Conj/Tloc      20%        2d6       26%         4
 Alistair's Intoxication  Tmut/Pois      4%         N/A       92%         5


Dungeon Overview and Level Annotations

Branches:
Dungeon (2/15)

Altars:

Shops:
D:2 [

Annotations:
D:2 Crazy Yiuf


Message History

The searing ray hits Terence!
You kill Terence! (Press . to maintain the ray.)
Your Spellcasting skill increases to level 5!
You start resting.
HP restored.
You start resting.
Magic restored.
l - a wand of digging (2)
Things that are here:
a +0 short sword; a +0 scale mail You see here an adder corpse.
Found a stone staircase leading down.
You see here a +0 leather armour.
There is a stone staircase leading down here.
There is an entrance to Bifok's Antique Armour Shoppe here.
Press: ? - help, v - describe, . - travel
Here: Crazy Yiuf, wielding a +4 quarterstaff of chaos and wearing a +2 cloak of preservation (wandering, hasn't noticed you, fire blocked by a runed translucent door)
The floor.
Okay, then.
Okay, then.
You open the door.
Crazy Yiuf shouts!
Casting: Searing Ray (safe; 1% risk of failure)
Confirm with . or Enter, or press ? or * to list all spells.
Aiming: Searing Ray (safe; 1% risk of failure)
Press: ? - help, Shift-Dir - straight line, f - Crazy Yiuf
Aim: Crazy Yiuf, wielding a +4 quarterstaff of chaos and wearing a +2 cloak of preservation (83% to hit)
The searing ray hits Crazy Yiuf!
Crazy Yiuf is heavily wounded. (Press . to maintain the ray.) Crazy Yiuf hits you with a +4 quarterstaff of chaos!
Ouch! That really hurt!
Crazy Yiuf freezes you.
* * * LOW HITPOINT WARNING * * *
Okay, then.
Okay, then.
You feel yourself speed up.
Crazy Yiuf hits you with a +4 quarterstaff of chaos.
You die...

###.......<..# #..#
#...#####.##.#######..#####
#.#.# #.##.##............
#.### ############..#####
#.# #....... ##.# #.###.##
#..#### ### #.###.#
#.....## ###..)# #.....#
#......####@g...# #######
##......#..##...#
##....#.### ### ########


You could see Crazy Yiuf.

Vanquished Creatures
  Terence (D:2)
  A gnoll (D:2)
  An adder (D:2)
  A worm (D:2)
  A dart slug (D:2)
  An orc (D:2)
  8 bats
  2 endoplasms (D:1)
  A giant cockroach (D:1)
  8 goblins
  7 hobgoblins
  A quokka (D:1)
  3 ball pythons
  6 frilled lizards
  4 kobolds
46 creatures vanquished.

Notes
Turn   | Place    | Note
-------+----------+-------------------------------------------
     0 | D:1      | groovy9 the Deep Elf Conjurer began the quest for the Orb.
     0 | D:1      | Reached XP level 1. HP: 10/10 MP: 6/6
   282 | D:1      | Reached XP level 2. HP: 14/15 MP: 1/8
   697 | D:1      | Found a faded altar of an unknown god.
   974 | D:2      | Reached skill level 5 in Conjurations
   974 | D:2      | Reached XP level 3. HP: 19/19 MP: 5/10
  1230 | D:2      | Found Bifok's Antique Armour Shoppe.
  1829 | D:2      | Found a runed translucent door.
  1830 | D:2      | Noticed Crazy Yiuf
  1986 | D:2      | Reached XP level 4. HP: 24/24 MP: 7/12
  2025 | D:2      | Noticed Terence
  2039 | D:2      | Learned a level 2 spell: Searing Ray
  2046 | D:2      | Killed Terence
  2047 | D:2      | Reached skill level 5 in Spellcasting
  2294 | D:2      | Slain by Crazy Yiuf

Illustrated notes

Levels and vault maps discovered:
D:1:      lemuel_arrival_funnel, layout_basic, shapermc_ecumenical_altar_venn,
          minmay_misc_feat_secret_circle
D:2:      layout_loops_ring, serial_shops, nicolae_shop_trees, minmay_distorted,
          uniq_terence, uniq_crazy_yiuf_cottage

Skill      XL: |  1  2  3  4 |
---------------+-------------+-----
Spellcasting   | 4 5 |  5.0
Conjurations   | 5 |  5.5
Dodging        | |  2.4
Stealth        | |  2.4

Action                   |  1- 3 |  4- 6 || total
-------------------------+-------+-------++-------
Melee: Short sword       |     9 |       ||     9
 Cast: Magic Dart        |    88 |     3 ||    91
       Searing Ray       |       |     4 ||     4
  Use: Scroll            |     2 |       ||     2
       Potion            |     1 |     1 ||     2
Armor: Robe              |     2 |       ||     2
Dodge: Dodged            |    21 |     2 ||    23
